[Event "Late-Titled-Tuesday-Blitz-February-13-2024"]
[Site "Chess.com"]
[Date "2024.02.13"]
[Round "4"]
[White "shirovin"]
[Black "gunslinger222"]
[Result "0-1"]
[WhiteElo "2099"]
[BlackElo "2263"]
[TimeControl "180+1"]
[EndTime "14:38:02 PST"]
[Termination "gunslinger222 won on time"]

1. e4 d5 2. exd5 Qxd5 3. Nc3 Qa5 4. d4 Nf6 5. Bd2 c6 6. Nf3 Bg4 7. h3 Bxf3 8. Qxf3 Qb6 9. O-O-O e6 10. Bg5 Nbd7 11.
Bc4 Bb4 12. Ne4 Be7 13. Rhe1 O-O 14. g4 Qb4 15. Bd3 Qa5 16. Kb1 Rad8 17. h4 Rfe8 18. Bd2 Qb6 19. g5 Nd5 20. c3 Ba3 21. Bc1 c5 22. Nxc5 Nxc3+ 23. Ka1 Nxd1 24. Nxd7 Bxb2+ 25. Kb1 Rxd7 26. Qxd1 Bxc1+ 27. Kxc1 Rc8+ 28. Bc2 Rxd4 29. Qe2 Rdc4 0-1

[Event "Late-Titled-Tuesday-Blitz-February-13-2024"]
[Site "Chess.com"]
[Date "2024.02.13"]
[Round "4"]
[White "Rinqed222"]
[Black "cande_francisco"]
[Result "1-0"]
[WhiteElo "2271"]
[BlackElo "2479"]
[TimeControl "180+1"]
[EndTime "14:38:04 PST"]
[Termination "Rinqed222 won by checkmate"]

1. e4 c5 2. Nc3 g6 3. f4 Bg7 4.
Nf3 Nc6 5. Bb5 Nd4 6. O-O Nxb5 7. Nxb5 d5 8. exd5 a6 9. Nc3 Nf6 10. d4 Nxd5 11. dxc5 Nxc3 12. Qxd8+ Kxd8 13. bxc3 Bxc3 14. Rb1 Kc7 15. Rb3 Bf6 16. Be3 Be6 17. Rb6 Bxa2 18.
Nd2 Bd5 19. Rfb1 Rhd8 20. c4 Bc6 21. Nb3 Rd3 22. Kf2 Bc3 23. Nc1 Rd1 24. R1b3 Ba5 25.
Nd3 Rd8 26. Ne5 Be1+ 27. Ke2 Bxg2 28. c6 Bf1+ 29. Kf3 bxc6 30. Rxc6# 1-0

[Event "Late-Titled-Tuesday-Blitz-February-13-2024"]
[Site "Chess.com"]
[Date "2024.02.13"]
[Round "4"]
[White "TenisMaster"]
[Black "hurricane7791"]
[Result "1-0"]
[WhiteElo "2936"]
[BlackElo "2719"]
[TimeControl "180+1"]
[EndTime "14:38:05 PST"]
[Termination "TenisMaster won by resignation"]

1. e4 c5 2. Nf3 d6 3. d4 cxd4 4. Nxd4 Nf6 5. Nc3 a6 6. Be3 e5 7. Nb3 Be6 8. f3 h5 9. Nd5 Bxd5 10. exd5 Nbd7 11. Qd2 g6 12. Be2 Bg7 13. O-O-O O-O 14. Kb1 a5 15. a4 Qc7 16. Bb5 Nb6 17. Bf2 Rfc8 18. Bxb6 Qxb6 19. h4 e4 20. c3 Kh7 21.
Rhe1 Rc7 22. fxe4 Ng4 23. Nd4 Re7 24. Qf4 Be5 25. Qg5 Bf6 26. Qf4 Be5 27. Qd2 Rc8 28. Re2 Bg7 29. Nf3 Bh6 30. Qd3 Qc7 31. e5 Nxe5 32.
Nxe5 Rxe5 33. Rxe5 dxe5 34. d6 Qc5 35. Qf3 Kg7 36. Qxb7 Rd8 37. Qe7 Qb6 38. Be8 Rb8 39.
Qxf7+ Kh8 40. Bb5 e4 41. Qxg6 Bg7 42. Qxh5+ Kg8 43. Bc4+ 1-0

[Event "Late-Titled-Tuesday-Blitz-February-13-2024"]
[Site "Chess.com"]
[Date "2024.02.13"]
[Round "4"]
[White "Nouali_Mohamed"]
[Black "mbojan"]
[Result "0-1"]
[WhiteElo "2571"]
[BlackElo "2852"]
[TimeControl "180+1"]
[EndTime "14:38:06 PST"]
[Termination "mbojan won on time"]

1. e4 a6 2. Bc4 e6 3. Nc3 b5 4. Bb3 c5 5. d3 Nc6 6. Nge2 Na5 7. O-O Bb7 8. f4 Nf6 9. e5 Nxb3 10. axb3 Nd5 11. Ne4 f5 12. exf6 Nxf6 13. N2g3 Be7 14. Nxf6+ Bxf6 15. Qh5+ g6 16. Qxc5 Rc8 17. Qf2 O-O 18.
c3 Bh4 19. Qe3 Bxg3 20. Qxg3 Rf5 21. Be3 Qc7 22. Rf2 Rcf8 23. Raf1 Qd6 24. Bd4 Qd5 25.
b4 R8f7 26. Qe3 g5 27. Qg3 h6 28. h4 g4 29. Qxg4+ Kh7 30. h5 Rxh5 31. Rf3 Qf5 32. Rg3 Qxg4 33. Rxg4 Rhf5 34. g3 d6 35. Re1 Bd5 36. Re2 Bf3 0-1

[Event "Late-Titled-Tuesday-Blitz-February-13-2024"]
[Site "Chess.com"]
[Date "2024.02.13"]
[Round "4"]
[White "IngOscarArdila"]
[Black "dosto07"]
[Result "0-1"]
[WhiteElo "2319"]
[BlackElo "2537"]
[TimeControl "180+1"]
[EndTime "14:38:06 PST"]
[Termination "dosto07 won by resignation"]

1. d4 d5 2. c4 dxc4 3. Qa4+ c6 4.
Qxc4 Nf6 5. Nf3 Bf5 6. Nc3 Nbd7 7. Bf4 e6 8. e3 Be7 9. Be2 Qb6 10. b3 O-O 11.
O-O Qa5 12. b4 Qxb4 13. Rfc1 Qxc4 14. Bxc4 Ba3 15. e4 Bxc1 16. Rxc1 Nxe4 17. Nxe4 Bxe4 18. Nd2 Bd5 19. Bxd5 exd5 20. Rb1 b5 21. Bd6 Rfe8 22. Kf1 Nb6 23. Bc5 Nc4 24. Nf3 f6 25. a4 a6 26.
h3 Kf7 27. g4 Re4 28. Kg2 Re2 29. Kg3 Ra2 30. axb5 axb5 31. Re1 Re8 32. Rc1 Ree2 33.
Rf1 g5 34. Bb4 Rab2 35. Bc3 Rb3 36. Rc1 b4 37. Be1 Re4 38. Kg2 Rb2 39. Ra1 b3 40. Bc3 Rc2 41. Ra7+ Re7 42. Rxe7+ Kxe7 43. Bb4+ Kd7 44.
Ne1 Ra2 45. Nd3 b2 46. Nc5+ Kc8 0-1

[Event "Late-Titled-Tuesday-Blitz-February-13-2024"]
[Site "Chess.com"]
[Date "2024.02.13"]
[Round "4"]
[White "lluiss"]
[Black "Nick12772"]
[Result "1-0"]
[WhiteElo "2160"]
[BlackElo "2359"]
[TimeControl "180+1"]
[EndTime "14:38:06 PST"]
[Termination "lluiss won by resignation"]

1. e4 e6 2. d4 d5 3. e5 c5 4. Nf3 cxd4 5. Nxd4 Nc6 6. Nf3 Nge7 7.
Bd3 Ng6 8. Qe2 Qc7 9. Bxg6 hxg6 10.
O-O Be7 11. Re1 Qb6 12. c3 Bd7 13. Be3 Qc7 14. Bg5 Qd8 15. Bxe7 Qxe7 16. Nbd2 a6 17. Nb3 Rc8 18. Nbd4 Nxd4 19. Nxd4 Qh4 20. h3 g5 21. Qg4 Qh6 22. Nf3 f6 23. exf6 gxf6 24. Rxe6+ Kf7 25.
Rae1 Rhe8 26. Nd4 Bxe6 27. Rxe6 Qg6 28. Rd6 Qb1+ 29. Kh2 Qe4 30. Qh5+ Ke7 31. Re6+ Qxe6 32. Nxe6 Kxe6 33. Qg4+ Kd6 34. Qf5 Re6 35. Qg4 Rce8 36.
Qb4+ Kc6 37. a4 b6 38. a5 bxa5 39. Qxa5 Kd6 40. Qxa6+ Ke5 41. Qd3 Kd6 42. c4 Re5 43.
b4 Ke6 44. c5 Rd8 45. c6 Kd6 46. b5 Ree8 47. Qa3+ Kc7 48. Qc5 d4 49. b6+ Kc8 50.
Qa5 1-0

[Event "Late-Titled-Tuesday-Blitz-February-13-2024"]
[Site "Chess.com"]
[Date "2024.02.13"]
[Round "4"]
[White "el008"]
[Black "hristos03"]
[Result "1-0"]
[WhiteElo "2555"]
[BlackElo "2377"]
[TimeControl "180+1"]
[EndTime "14:38:08 PST"]
[Termination "el008 won on time"]

1. Nf3 Nf6 2. b3 g6 3. Bb2 Bg7 4. g3 O-O 5. Bg2 d5 6. c4 c6 7. O-O Bg4 8. d3 Bxf3 9. Bxf3 Nbd7 10. cxd5 cxd5 11. Nc3 Ne5 12. Bg2 Rc8 13. Rc1 Nc6 14.
a3 e5 15. b4 Re8 16. Qb3 Nd4 17. Qa2 e4 18. dxe4 Nxe4 19. e3 Nxc3 20. Bxc3 Ne2+ 21. Qxe2 Bxc3 22. Qd3 Bf6 23. Bxd5 Qd7 24. Qb3 Rxc1 25. Rxc1 Kg7 26. Rd1 Rd8 27. Bf3 Qc7 28. Rxd8 Qxd8 29. Bxb7 Qd2 30. Bd5 Qc1+ 31. Kg2 Qc7 32. Qd3 h5 33. h4 Be5 34. a4 Bf6 35. Qb3 Qe7 36.
a5 Qc7 37. Be4 Bd8 38. Bb1 Qe5 39. Ba2 Qe4+ 40. Kg1 Qf5 41. Qb2+ Bf6 42. Qd2 Be7 43.
Bd5 Bxb4 44. Qd4+ Kh7 45. Bxf7 Be7 46. Qc4 Bf6 47. Bg8+ Kh6 48. Qf7 1-0

[Event "Late-Titled-Tuesday-Blitz-February-13-2024"]
[Site "Chess.com"]
[Date "2024.02.13"]
[Round "4"]
[White "KNVB"]
[Black "vi_pranav"]
[Result "0-1"]
[WhiteElo "2860"]
[BlackElo "3047"]
[TimeControl "180+1"]
[EndTime "14:38:09 PST"]
[Termination "vi_pranav won on time"]

1. d4 Nf6 2. c4 e6 3. Nc3 Bb4 4.
Qc2 d6 5. a3 Bxc3+ 6. Qxc3 b6 7. Nf3 Bb7 8. g3 O-O 9. Bg2 Nbd7 10. b4 a5 11. O-O Ne4 12. Qb2 axb4 13. axb4 Rxa1 14.
Qxa1 Qc8 15. Bb2 f5 16. Qa7 Ndf6 17. Ng5 Ba8 18. Ra1 h6 19. Nxe4 Bxe4 20. f3 Bb7 21. b5 Nd7 22. Qa3 Qe8 23. Qc3 Qb8 24. e3 Nf6 25. Kf2 g5 26. h3 g4 27. hxg4 fxg4 28.
f4 Bxg2 29. Kxg2 Qb7+ 30. d5 exd5 31. Kg1 dxc4 32. Qxc4+ Kg7 33. Rc1 Qf3 0-1

[Event "Late-Titled-Tuesday-Blitz-February-13-2024"]
[Site "Chess.com"]
[Date "2024.02.13"]
[Round "4"]
[White "DuleMudule"]
[Black "SaqoChess_Twitch"]
[Result "1-0"]
[WhiteElo "2860"]
[BlackElo "2684"]
[TimeControl "180+1"]
[EndTime "14:38:10 PST"]
[Termination "DuleMudule won by checkmate"]

1. d4 d5 2. Bf4 Nf6 3. e3 c6 4. c4 Bg4 5. Qb3 Qb6 6. c5 Qxb3 7. axb3 a6 8. b4 Nh5 9. h3 Nxf4 10. hxg4 Ng6 11. f4 e6 12. Nc3 Be7 13. Nf3 O-O 14.
b5 f5 15. g5 Rc8 16. Kd2 Nf8 17. bxa6 bxa6 18. Ne5 a5 19. Ra2 Nfd7 20. Nd3 Rc7 21. Be2 Rca7 22. Rha1 Bd8 23. b4 Kf7 24. g4 g6 25. gxf5 gxf5 26. b5 Kg7 27. b6 Bxb6 28. cxb6 Nxb6 29. Nc5 Kf7 30. N3a4 Nxa4 31. Rxa4 Nd7 32.
Nxd7 Rxd7 33. Rxa5 Rxa5 34. Rxa5 Ke7 35. Ra6 Rc7 36. Kc3 Kd7 37. Bd3 Rb7 38. Bc2 Kc7 39.
Ba4 Rb6 40. Rxb6 Kxb6 41. Kb4 c5+ 42. dxc5+ Kc7 43. Kc3 e5 44. fxe5 h5 45. gxh6 f4 46.
exf4 d4+ 47. Kxd4 Kb7 48. h7 Ka6 49. Kc4 Ka5 50. Bc6 Ka6 51. h8=Q Ka7 52. Qa8# 1-0

[Event "Late-Titled-Tuesday-Blitz-February-13-2024"]
[Site "Chess.com"]
[Date "2024.02.13"]
[Round "4"]
[White "dretch"]
[Black "dropstoneDP"]
[Result "1-0"]
[WhiteElo "2879"]
[BlackElo "3039"]
[TimeControl "180+1"]
[EndTime "14:38:11 PST"]
[Termination "dretch won by checkmate"]

1. d4 d5 2. c4 dxc4 3. e3 Nf6 4. Bxc4 e6 5. Nf3 c5 6. O-O Nc6 7. Qe2 a6 8. Rd1 b5 9. d5 exd5 10. Bxd5 Nxd5 11. Nc3 Be6 12. e4 Nd4 13. Rxd4 cxd4 14.
exd5 dxc3 15. dxe6 fxe6 16. Qxe6+ Be7 17. Qc6+ Kf8 18.
Be3 cxb2 19. Re1 Rc8 20. Qe6 Bf6 21. Ng5 Bxg5 22. Bxg5 Qxg5 23. Qxc8+ Kf7 24. Qe6+ Kf8 25. Qe8# 1-0

[Event "Late-Titled-Tuesday-Blitz-February-13-2024"]
[Site "Chess.com"]
[Date "2024.02.13"]
[Round "4"]
[White "Zhigalko_Sergei"]
[Black "chegueps"]
[Result "1-0"]
[WhiteElo "2933"]
[BlackElo "2677"]
[TimeControl "180+1"]
[EndTime "14:38:11 PST"]
[Termination "Zhigalko_Sergei won by resignation"]

1. e4 c5 2. Nf3 e6 3. c3 d5 4. e5 d4 5. Bd3 Bd7 6. O-O Bc6 7. Na3 Nd7 8. Re1 Qb8 9. Be4 Bxe4 10. Rxe4 Ne7 11. cxd4 cxd4 12. d3 Nc6 13. Nb5 Bc5 14.
Bf4 O-O 15. Rc1 a6 16. Nbxd4 Nxd4 17. Nxd4 Qa7 18. Be3 Rac8 19. h4 Rfd8 20. Qg4 Bxd4 21. Rxc8 Rxc8 22. Rxd4 Nxe5 23. Qg3 Qb8 24. Bf4 f6 25.
Rd7 g6 26. d4 Rd8 27. Rxd8+ Qxd8 28. dxe5 1-0

[Event "Late-Titled-Tuesday-Blitz-February-13-2024"]
[Site "Chess.com"]
[Date "2024.02.13"]
[Round "4"]
[White "GMBenjaminBok"]
[Black "krzyzan94"]
[Result "1-0"]
[WhiteElo "2977"]
[BlackElo "2786"]
[TimeControl "180+1"]
[EndTime "14:38:13 PST"]
[Termination "GMBenjaminBok won by resignation"]

1. d4 Nf6 2. c4 e6 3. Nc3 c5 4. Nf3 cxd4 5. Nxd4 Nc6 6. g3 Bc5 7. Nb3 Be7 8. Bg2 O-O 9. O-O b6 10. Bf4 Bb7 11. Qd2 Rc8 12. Rfd1 h6 13. Rac1 a6 14. h3 e5 15. Bxe5 Nxe5 16. Bxb7 Nxc4 17. Qc2 Rc7 18. Bxa6 Qa8 19. Bb5 h5 20. Nd5 Nxd5 21. Bxc4 b5 22. Bxd5 Rxc2 23. Bxa8 Rxc1 24. Nxc1 Rxa8 25. Rxd7 Bf6 26.
Rd2 b4 27. Rc2 Rb8 28. b3 h4 29. gxh4 Bxh4 30. Nd3 Be7 31. Rc4 Ra8 32. Nxb4 Bxb4 33. Rxb4 Rxa2 34. e3 g5 35. Rg4 f6 36. h4 Kf7 37.
hxg5 f5 38. Ra4 Kg6 39. Rxa2 1-0

[Event "Late-Titled-Tuesday-Blitz-February-13-2024"]
[Site "Chess.com"]
[Date "2024.02.13"]
[Round "4"]
[White "ChessSwole"]
[Black "ritanovikova"]
[Result "1-0"]
[WhiteElo "2672"]
[BlackElo "2216"]
[TimeControl "180+1"]
[EndTime "14:38:13 PST"]
[Termination "ChessSwole won on time"]

1. d4 Nf6 2. c4 e6 3. Nf3 b6 4.
g3 Bb7 5. Bg2 d5 6. cxd5 exd5 7.
O-O Be7 8. Nc3 O-O 9. Ne5 c6 10. Qa4 Qc7 11. Be3 Nbd7 12. Nxd7 Qxd7 13. Bg5 Rfe8 14.
Bxf6 b5 15. Qc2 Bxf6 16. e3 Rac8 17. b4 Be7 18. Rab1 Bd6 19. Ne2 Qe7 20. Qd2 a5 21. bxa5 Ra8 22. Nc1 Ra7 23. Nb3 Bb4 24.
Qc2 Bxa5 25. Nc5 Bb6 26. Nd3 Rea8 27. Rb2 f6 28. Nb4 Qd6 29. Rc1 Rc8 30. Bh3 Rc7 31. Nd3 Bc8 32. Bxc8 Rxc8 33. Rxb5 Qd8 34. Nf4 Qd7 35. Rxb6 g5 36. Nh5 Qf7 37. g4 Qe6 38. h3 1-0

[Event "Late-Titled-Tuesday-Blitz-February-13-2024"]
[Site "Chess.com"]
[Date "2024.02.13"]
[Round "4"]
[White "Witik"]
[Black "alexgo05"]
[Result "1-0"]
[WhiteElo "2654"]
[BlackElo "2412"]
[TimeControl "180+1"]
[EndTime "14:38:14 PST"]
[Termination "Witik won by resignation"]

1. d4 g6 2. e4 Bg7 3. Nf3 c6 4. h3 d5 5. e5 f6 6. c4 Nh6 7. exf6 exf6 8. cxd5 cxd5 9. Bb5+ Nc6 10. O-O O-O 11.
Nc3 Be6 12. Re1 Bf7 13. Bxc6 bxc6 14. b3 Nf5 15. Ba3 Re8 16. Na4 Qc7 17. Rc1 g5 18. Rxe8+ Rxe8 19. Qc2 Qf4 20. Rd1 h5 21. Bc1 Qe4 22.
Qxc6 g4 23. Re1 Nxd4 24. Qxe8+ Bxe8 25. Rxe4 Nxf3+ 26. gxf3 dxe4 27. fxg4 hxg4 28. hxg4 Bd7 29. Nc5 Bxg4 30. Nxe4 Bf5 31. f3 Be6 32. Be3 a5 33. Bd4 Kf7 34. Kf2 Bd5 35. Ke3 a4 36. bxa4 Bxa2 37.
a5 Bc4 38. Nd6+ 1-0

[Event "Late-Titled-Tuesday-Blitz-February-13-2024"]
[Site "Chess.com"]
[Date "2024.02.13"]
[Round "4"]
[White "Polish_fighter3000"]
[Black "Grossboss19"]
[Result "1-0"]
[WhiteElo "3066"]
[BlackElo "2621"]
[TimeControl "180+1"]
[EndTime "14:38:16 PST"]
[Termination "Polish_fighter3000 won by checkmate"]

1. e4 c6 2. d4 d5 3. e5 c5 4. Nf3 cxd4 5. Nxd4 Nc6 6. Nxc6 bxc6 7. c4 e6 8. Nc3 Ne7 9. Bd3 Ng6 10. Qe2 Bb4 11.
O-O O-O 12. Na4 Qc7 13. a3 Be7 14. Re1 Bb7 15. b4 c5 16. Nxc5 Bxc5 17. bxc5 Qxc5 18. Rb1 Rab8 19. Rb5 Qc7 20. c5 Bc6 21. Rb4 a5 22. Rg4 Rb3 23. Rg3 Bd7 24. h4 Kh8 25.
h5 Ne7 26. h6 g6 27. Bg5 Ng8 28. Qf3 f5 29. exf6 e5 30. f7 Qc6 31. Rxe5 Rxf7 32. Qxf7 Rxd3 33. Qg7# 1-0

[Event "Late-Titled-Tuesday-Blitz-February-13-2024"]
[Site "Chess.com"]
[Date "2024.02.13"]
[Round "4"]
[White "azikom"]
[Black "claudyna16"]
[Result "1-0"]
[WhiteElo "2707"]
[BlackElo "2425"]
[TimeControl "180+1"]
[EndTime "14:38:16 PST"]
[Termination "azikom won by resignation"]

1. c4 Nf6 2. Nc3 g6 3. e4 d6 4. d4 Bg7 5. Bg5 O-O 6. Qd2 c5 7. d5 a6 8. f3 b5 9. cxb5 axb5 10. Bxb5 Qa5 11. Nge2 Ba6 12. Bxa6 Nxa6 13. O-O Rfb8 14.
Rab1 Qc7 15. h3 Re8 16. Bh6 Bh8 17. f4 Nd7 18. Kh1 Nb4 19. a3 Na6 20. Rfc1 Rab8 21. Qd3 c4 22. Qc2 Nac5 23. Rd1 Nb3 24. Na2 e6 25.
Nb4 Nb6 26. dxe6 Qb7 27. exf7+ Qxf7 28. Ng3 Rbd8 29. Bg5 Nd4 30. Qf2 Ne6 31. Bxd8 Rxd8 32. Qxb6 1-0

[Event "Late-Titled-Tuesday-Blitz-February-13-2024"]
[Site "Chess.com"]
[Date "2024.02.13"]
[Round "4"]
[White "VitorBronson"]
[Black "N_I_Chess"]
[Result "1-0"]
[WhiteElo "2509"]
[BlackElo "2281"]
[TimeControl "180+1"]
[EndTime "14:38:18 PST"]
[Termination "VitorBronson won on time"]

1. d4 Nf6 2. c4 e6 3. Nf3 Bb4+ 4. Bd2 Qe7 5. Nc3 d5 6. e3 O-O 7. Bd3 Nbd7 8. O-O dxc4 9. Bxc4 e5 10. dxe5 Nxe5 11. Nxe5 Qxe5 12. a3 Bg4 13. Qc2 Bd6 14.
f4 Qh5 15. Rae1 Rfe8 16. h3 Bd7 17. Be2 Qh4 18. Bf3 Bc5 19. Nd1 Bb6 20. Nf2 Bb5 21. Be2 Bxe2 22. Rxe2 Rad8 23. Bc1 Qg3 24. Nh1 Qg6 25.
Qxg6 hxg6 26. Nf2 Ne4 27. Nxe4 Rxe4 28. Kh2 Rde8 29. Rfe1 f6 30. Kg3 Kf7 31. Kf3 c6 32. Rd1 R4e6 33. Rd7+ R6e7 34. Rxe7+ Rxe7 35. e4 Rd7 36.
Be3 1-0

[Event "Late-Titled-Tuesday-Blitz-February-13-2024"]
[Site "Chess.com"]
[Date "2024.02.13"]
[Round "4"]
[White "BeardedNM"]
[Black "bocah_sakit"]
[Result "0-1"]
[WhiteElo "2135"]
[BlackElo "2463"]
[TimeControl "180+1"]
[EndTime "14:38:18 PST"]
[Termination "bocah_sakit won on time"]

1. e4 d5 2. exd5 Qxd5 3. Nc3 Qa5 4. d4 Nf6 5. Nf3 Bf5 6. Ne5 c6 7. g4 Bg6 8. h4 Nbd7 9. Nc4 Qc7 10. h5 Be4 11.
Nxe4 Nxe4 12. Qf3 Nd6 13. Bf4 Nb6 14. Ne5 Nd5 15. Bg3 f6 16. Nc4 O-O-O 17. O-O-O Qd7 18. Nxd6+ exd6 19. g5 Kb8 20. c4 Nb6 21. gxf6 gxf6 22. Qxf6 Be7 23. Qf3 Bg5+ 24. Kb1 Rhf8 25. Qb3 Ka8 26. Bh3 Qf7 27. c5 Nc4 28. cxd6 Nd2+ 29. Rxd2 Bxd2 30. Qxf7 Rxf7 31. Be6 Rf6 32. Bh4 Rxe6 33.
Bxd8 Rxd6 34. Bh4 Rxd4 35. Bg3 Ba5 36. Kc2 Rd2+ 37. Kb3 b5 38. Re1 Rd3+ 39. Kc2 Rd2+ 40. Kb3 c5 41. Re8+ Kb7 42. Re7+ Kc6 43. Rxh7 c4+ 44.
Ka3 Bb6 45. Rh6+ Kd5 0-1

[Event "Late-Titled-Tuesday-Blitz-February-13-2024"]
[Site "Chess.com"]
[Date "2024.02.13"]
[Round "4"]
[White "The_Straightforward_Rook"]
[Black "AsterPhoenix"]
[Result "0-1"]
[WhiteElo "2441"]
[BlackElo "2648"]
[TimeControl "180+1"]
[EndTime "14:38:20 PST"]
[Termination "AsterPhoenix won by resignation"]

1. Nf3 d5 2. d4 Nf6 3. e3 e6 4. Bd3 g6 5. O-O Bg7 6. b3 O-O 7. Ba3 Re8 8. c4 dxc4 9. bxc4 b6 10. Nbd2 Bb7 11. Qc2 Nbd7 12. Rfd1 e5 13. d5 e4 14. Bxe4 Nxe4 15. Nxe4 Bxa1 16. Rxa1 Nf6 17. Nxf6+ Qxf6 18. Bb2 Qe7 19. Qc3 f6 20. Qxf6 Qxf6 21. Bxf6 b5 22.
Rc1 bxc4 23. Rxc4 Rac8 24. e4 Ba6 25. Ra4 Bb5 26. Rb4 Be2 27. Rb2 Rxe4 28. Ng5 Ree8 29.
Ne6 Bc4 30. Rd2 Bxd5 31. Rxd5 Rxe6 32. Bc3 Rc6 33. Rd3 Rd6 34. Re3 Rd1+ 35. Be1 Ra1 36. a3 Kf7 37. g3 Re8 0-1

[Event "Late-Titled-Tuesday-Blitz-February-13-2024"]
[Site "Chess.com"]
[Date "2024.02.13"]
[Round "4"]
[White "MessiKingdom"]
[Black "C_K_G"]
[Result "1-0"]
[WhiteElo "2635"]
[BlackElo "2156"]
[TimeControl "180+1"]
[EndTime "14:38:21 PST"]
[Termination "MessiKingdom won on time"]

1. d4 d5 2. Bf4 e6 3. e3 Bd6 4. Nf3 c5 5. c3 Nc6 6. Bg3 c4 7. Nbd2 Qc7 8. e4 Bxg3 9. hxg3 Nf6 10. e5 Nd7 11. Qc2 h6 12. g4 g6 13. Bxc4 dxc4 14. Nxc4 Nb6 15. Nd6+ Kf8 16. Qd2 Kg7 17. O-O-O Na5 18.
Rh2 Nac4 19. Nxc4 Nxc4 20. Qf4 Qe7 21. Rdh1 Bd7 22. Rxh6 Rag8 23. Qf6+ Qxf6 24. exf6+ Kxf6 25. Rxh8 Rxh8 26. Rxh8 Bc6 27. g5+ Kf5 28. Rf8 Nd6 29. Ne5 Bxg2 30. Nxf7 Nxf7 31. Rxf7+ Kxg5 32. Kd2 a6 33. c4 Kg4 34. Ke3 g5 35. Rf6 Bf1 36.
b3 b5 37. c5 1-0

[Event "Late-Titled-Tuesday-Blitz-February-13-2024"]
[Site "Chess.com"]
[Date "2024.02.13"]
[Round "4"]
[White "FrenchMonster2002"]
[Black "Goryachkina"]
[Result "0-1"]
[WhiteElo "2466"]
[BlackElo "2694"]
[TimeControl "180+1"]
[EndTime "14:38:22 PST"]
[Termination "Goryachkina won on time"]

1. e4 c5 2. d4 cxd4 3. Qxd4 Nc6 4. Qd3 e6 5. Nc3 a6 6. Bf4 b5 7. O-O-O Nf6 8. e5 Qc7 9. Nf3 b4 10. Ne4 Nxe4 11. Qxe4 Bb7 12. Bd3 a5 13. Kb1 a4 14.
h4 b3 15. a3 Nb4 16. axb4 Bxe4 17. Bxe4 bxc2+ 18. Bxc2 Bxb4 19. Rd4 Bc5 20. Rc4 a3 21. b4 Qb6 22. Ka2 Bxf2 23. Ng5 Be3 24. Rf1 Bxf4 25. Rfxf4 Qe3 26. Nxf7 Qc1 27. Nd6+ Kd8 28. Nb7+ Ke7 0-1

[Event "Late-Titled-Tuesday-Blitz-February-13-2024"]
[Site "Chess.com"]
[Date "2024.02.13"]
[Round "4"]
[White "mitrabhaa"]
[Black "Practical-Play"]
[Result "1-0"]
[WhiteElo "2892"]
[BlackElo "2583"]
[TimeControl "180+1"]
[EndTime "14:38:23 PST"]
[Termination "mitrabhaa won on time"]

1. Nf3 c5 2. c3 Nf6 3. d4 d5 4.
dxc5 e6 5. b4 a5 6. e3 axb4 7.
cxb4 b6 8. Bb5+ Bd7 9. Bxd7+ Nfxd7 10. a4 Na6 11. c6 Bxb4+ 12. Bd2 Ndc5 13. O-O O-O 14.
Nd4 Qf6 15. Nc3 Rfd8 16. f4 e5 17. fxe5 Qxe5 18. Ncb5 Bxd2 19. Qxd2 Rac8 20. Rf5 Qe7 21. Raf1 f6 22. Kh1 Nxa4 23. Qa2 N4c5 24. Rxd5 Qf7 25. Rxd8+ Rxd8 26. Qf2 Nc7 27. h3 h6 28. Qf4 N7e6 29. Qf5 Nc7 30. Ra1 g6 31. Qf4 Nd5 32. Qxh6 Re8 33.
Ra7 Re7 34. Rxe7 Nxe7 35. c7 Qe8 36. Qf4 Nd5 37. Qd6 Ne7 38. Qd8 Kf7 39. Nd6+ 1-0

[Event "Late-Titled-Tuesday-Blitz-February-13-2024"]
[Site "Chess.com"]
[Date "2024.02.13"]
[Round "4"]
[White "snowlord"]
[Black "JiiHart"]
[Result "1-0"]
[WhiteElo "2851"]
[BlackElo "2171"]
[TimeControl "180+1"]
[EndTime "14:38:24 PST"]
[Termination "snowlord won on time"]

1. d4 d5 2. Bf4 Bf5 3. e3 e6 4. c4 c6 5. Nc3 Bd6 6. Qb3 b6 7. Bxd6 Qxd6 8. cxd5 exd5 9. Nge2 Nd7 10. Qa3 Qxa3 11. bxa3 Ne7 12. f3 O-O 13. Kd2 Rfd8 14.
g4 Be6 15. Nf4 c5 16. Ba6 Rab8 17. Bb5 Nf6 18. h4 Bd7 19. Be2 cxd4 20. exd4 Nc6 21.
Kd3 Be6 22. g5 Ne8 23. Rhd1 Bf5+ 24. Ke3 Nc7 25. Rac1 Re8+ 26. Kf2 Rbc8 27. Ncxd5 Nxd5 28. Nxd5 Red8 29. Rxc6 Rxd5 30. Rxc8+ Bxc8 31. Rc1 Rd8 32. Rc7 a6 33. d5 h6 34. Bc4 hxg5 35. hxg5 Kf8 36.
Ke3 Ke8 37. Kf4 Bd7 38. Ke5 b5 39. Bb3 Rc8 40. Kd6 Rxc7 41. Kxc7 Bf5 42. d6 Bd7 43. Bxf7+ Kxf7 44. Kxd7 1-0

[Event "Late-Titled-Tuesday-Blitz-February-13-2024"]
[Site "Chess.com"]
[Date "2024.02.13"]
[Round "4"]
[White "Jaka_Brilej"]
[Black "KarolKacprzak"]
[Result "0-1"]
[WhiteElo "2533"]
[BlackElo "2724"]
[TimeControl "180+1"]
[EndTime "14:38:25 PST"]
[Termination "KarolKacprzak won on time"]

1. e4 c6 2. d4 d5 3. e5 Bf5 4. Nf3 e6 5. Be2 Nd7 6. c3 h6 7. O-O Ne7 8. Na3 Bh7 9. Nc2 g5 10.
Ne3 Bg7 11. a4 Qc7 12. b4 Ng6 13. a5 a6 14. g3 O-O 15. Bd3 Kh8 16. Ng4 f5 17. exf6 Nxf6 18. Nge5 Ne4 19. Bxe4 dxe4 20. Nxg6+ Bxg6 21. Ne5 Bxe5 22. dxe5 Qxe5 23. Be3 Kh7 24.
Qd4 Qf5 25. Qb6 Rf7 26. Qd4 Bh5 27. f3 Bxf3 28. Rad1 Raf8 29. Rd2 Qh3 30. Rdf2 Qf5 31. Rd2 Kg6 32. Rff2 Qd5 33. Qc5 Qb3 0-1

[Event "Late-Titled-Tuesday-Blitz-February-13-2024"]
[Site "Chess.com"]
[Date "2024.02.13"]
[Round "4"]
[White "Kostya26"]
[Black "Mikhail_Golubev"]
[Result "0-1"]
[WhiteElo "2435"]
[BlackElo "2689"]
[TimeControl "180+1"]
[EndTime "14:38:25 PST"]
[Termination "Mikhail_Golubev won by checkmate"]

1. d4 Nf6 2. Nf3 d6 3. Bg5 Nbd7 4. Nbd2 e5 5. e4 Be7 6. Bc4 O-O 7. c3 exd4 8. cxd4 h6 9. Bf4 d5 10. Bd3 dxe4 11. Nxe4 Nxe4 12. Bxe4 Bb4+ 13. Kf1 Nf6 14. Bc2 Bd6 15. Be3 Re8 16. Qd2 Ng4 17. Re1 Qf6 18. h3 Nxe3+ 19. Rxe3 Bd7 20. Qd3 g6 21. Rxe8+ Rxe8 22. Qd2 Bb5+ 23. Kg1 Re2 24. Qd1 Qe7 25. a4 Bc6 26. Ne5 Bxe5 27. dxe5 Rxe5 28. Kf1 Rd5 29.
Qc1 Qd6 30. Qxh6 Rd1+ 31. Bxd1 Qxd1# 0-1

[Event "Late-Titled-Tuesday-Blitz-February-13-2024"]
[Site "Chess.com"]
[Date "2024.02.13"]
[Round "4"]
[White "romulocardoso"]
[Black "Perecke"]
[Result "0-1"]
[WhiteElo "2355"]
[BlackElo "2531"]
[TimeControl "180+1"]
[EndTime "14:38:28 PST"]
[Termination "Perecke won on time"]

1. e4 c5 2. Nf3 e6 3. d4 cxd4 4.
Nxd4 Nc6 5. Nxc6 bxc6 6. Bd3 d5 7. O-O Nf6 8. e5 Nd7 9. Bf4 g5 10. Bg3 h5 11. h4 gxh4 12. Bh2 Qg5 13. Re1 h3 14.
Bf1 hxg2 15. Bd3 Bc5 16. Nd2 h4 17. Nf3 Qg4 18. c3 h3 19. b4 Bb6 20. Nd4 Bxd4 21. cxd4 Qxd4 22. Rc1 Qxb4 23. Rxc6 Bb7 24. Rc7 Rc8 25.
Rxc8+ Bxc8 26. Qc1 Nc5 27. Be2 Kd7 28. Rd1 Ba6 29. Bxa6 Nxa6 30. Qg5 Nc5 31. Qg7 Re8 32. Qxf7+ Re7 33. Qh5 Qa3 34. Qe2 a6 35. Rb1 Kc6 36.
Qc2 Rb7 37. Rxb7 Kxb7 38. Qh7+ Kc6 39. Qc2 Qd3 40. Qc1 d4 41. Bg3 Kd5 42. Qe1 Ne4 43.
Qa5+ Qb5 44. Qd8+ Kc4 45. Qc7+ Kd3 46. Kh2 Qb1 0-1